 Dungeon Crawl Stone Soup version 0.25.1-2-g60ff931df9 (webtiles) character file.

Game seed: 5516909698852093071

3800 MajorAdolf the Digger (level 10, -12/79 HPs)
             Began as a Naga Wanderer on Oct 15, 2020.
             Was an Initiate of the Shining One.
             Mangled by a two-headed ogre
             ... wielding a +0 giant club
              (15 damage)
             ... on level 8 of the Dungeon.
             The game lasted 00:16:00 (10979 turns).

MajorAdolf the Digger (Naga Wanderer)              Turns: 10979, Time: 00:16:01

Health: -12/79     AC:  6    Str: 14    XL:     10   Next: 17%
Magic:  12/20      EV:  9    Int: 14    God:    the Shining One [......]
Gold:   431        SH:  0    Dex: 19    Spells: 8/23 levels left

rFire    + . .     SeeInvis +   j - +1 whip (elec)
rCold    . . .     Gourm    .   (no shield)
rNeg     . . .     Faith    .   e - +0 robe
rPois    +         Spirit   .   w - +0 helmet
rElec    .         Reflect  .   (no cloak)
rCorr    .         Harm     .   r - +0 pair of gloves
MR       +....                  (no barding)
Stlth    +.........             (no amulet)
HPRegen  0.23/turn              h - +6 ring of dexterity
MPRegen  0.17/turn              n - ring of protection from fire

@: about to teleport, glowing, very slow
A: large, see invisible, deformed body, poison resistance, slowness 2, slow
metabolism 1, spit poison 1, AC +3
a: Spit Poison, Renounce Religion


You were on level 8 of the Dungeon.
You worshipped the Shining One.
The Shining One was noncommittal.
You were not hungry.

You visited 2 branches of the dungeon, and saw 9 of its levels.

You collected 431 gold pieces.

Inventory:

Hand Weapons
 a - a +0 hand crossbow
 j - a +1 whip of electrocution (weapon)
 u - a +1 dagger of venom
Missiles
 i - 84 stones (quivered)
 k - 82 bolts
 F - 15 poisoned darts
Armour
 e - a +0 robe (worn)
 p - a +0 tower shield
 r - a +0 pair of gloves (worn)
 w - a +0 helmet (worn)
Jewellery
 d - an uncursed ring of protection from magic
 h - a +6 ring of dexterity (left hand)
 n - a ring of protection from fire (right hand)
 D - an uncursed ring of poison resistance {unknown}
 G - a cursed ring of teleportation {unknown}
Wands
 x - a wand of iceblast (4)
 z - a wand of acid (10)
 A - a wand of polymorph (5)
Scrolls
 b - 4 scrolls of teleportation
 g - 2 scrolls of magic mapping {unknown}
 l - 9 scrolls of identify {unknown}
 m - a scroll of fear {unknown}
 o - 2 scrolls of fog {unknown}
 q - 2 scrolls of enchant armour {unknown}
 s - a scroll of random uselessness {unknown}
 v - 4 scrolls of remove curse {unknown}
 y - a scroll of enchant weapon {unknown}
 B - a scroll of amnesia {unknown}
Potions
 c - 2 potions of heal wounds {unknown}
 t - 2 potions of ambrosia
 C - 2 potions of curing
 E - a potion of cancellation {unknown}
Comestibles
 f - 15 rations


   Skills:
 - Level 1.6 Fighting
 - Level 1.7 Crossbows
 - Level 2.4 Armour
 - Level 1.5 Stealth
 + Level 4.1 Shields
 + Level 7.0 Spellcasting
 + Level 6.8 Conjurations
   Level 2.0 Translocations
 + Level 2.2 Transmutations
 + Level 7.7 Earth Magic
 - Level 1.0 Evocations


You had 8 spell levels left.
You knew the following spells:

 Your Spells              Type           Power        Failure   Level  Hunger
a - Sandblast             Erth           ####..       1%          1    None
b - Stone Arrow           Conj/Erth      ####..       2%          3    ##.....
c - Lee's Rapid Deconstr  Erth           ####......   17%         5    ######.
d - Petrify               Tmut/Erth      ###.....     19%         4    ####...
e - Passwall              Tmut/Erth      ###.....     2%          2    #......

Your spell library contained the following spells:

 Spells                   Type           Power        Failure   Level  Hunger
 Freeze                   Ice            #...         14%         1    None
 Hailstorm                Conj/Ice       ##......     34%         4    ####...
 Frozen Ramparts          Ice            #.....       38%         3    ##.....
 Ozocubu's Armour         Chrm/Ice       #.......     38%         3    ##.....
 Summon Ice Beast         Ice/Summ       #.......     80%         4    ####...


Dungeon Overview and Level Annotations

Branches:
Dungeon (8/15)             Temple (1/1) D:6
   Lair: D:8-11

Altars:
Cheibriados
Dithmenos
Elyvilon
Hepliaklqana
Kikubaaqudgha
Makhleb
Okawaru
Qazlal
Ru
Sif Muna
Trog
Uskayaw
Xom
Yredelemnul
The Shining One

Shops:
D:4 }


Innate Abilities, Weirdness & Mutations

You cannot wear boots.
Your serpentine skin is tough. (AC +3)
You have supernaturally acute eyesight. (SInv)
Armour fits poorly on your strangely shaped body.
Your system is resistant to poisons. (rPois)
You cover ground very slowly.
You have a slow metabolism.
You can spit poison.


Message History

Confirm with . or Enter, or press ? or * to list all spells.
You don't know that spell.
The orc wizard begins to cast a cantrip, but forgets the words!
You can't go up here!
Okay, then.
As you read the scroll labeled DASINIU ABRORGH, it crumbles to dust.
You feel strangely unstable.
It was a scroll of teleportation.
The adder zombie bites you but does no damage.
The two-headed ogre hits you with a +0 giant club!!
* * * LOW HITPOINT WARNING * * *
The two-headed ogre hits you with a +0 giant club!!
* * * LOW HITPOINT WARNING * * *
The orc wizard gestures wildly while chanting.
The orc wizard seems to speed up.
The orc wizard gestures wildly while chanting.
The orc wizard flickers and vanishes for a moment.
The orc hits you but does no damage. The adder zombie closely misses you.
The orc wizard miscasts a cantrip.
The two-headed ogre hits you with a +0 giant club!
You die...

.........#.#
............#
..#.........#
#.#.!........
#.#..........
#.#..o.......
#..oo........
#.oOZooo.....
#.@#####.....
#...# #....
#...... <...
#....#### ...
#..#. #.
#..... #.#..
.....


You could see a two-headed ogre, 3 orc wizards, 4 orcs and an adder zombie.

Vanquished Creatures
  Pikel (D:4)
  A hornet (D:5)
  A hippogriff (D:6)
  Sigmund (D:5)
  A yak (D:7)
  A human (D:7)
  3 hogs (D:7)
  An orc warrior (D:6)
  An ice beast (D:5)
  2 sky beasts
  2 phantoms
  A hornet zombie (D:7)
  2 ogres
  2 centaurs
  A bullfrog (D:6)
  A big kobold (D:7)
  3 crimson imps
  2 hounds
  A bullfrog skeleton (D:5)
  3 jellies
  4 orc wizards (D:4)
  Terence (D:3)
  7 worker ants
  A hound skeleton (D:6)
  13 gnolls
  10 adders
  2 shadow imps (D:7)
  2 oozes
  An adder skeleton (D:5)
  7 worms
  3 dart slugs (D:1)
  3 leopard geckos
  23 orcs
  3 ball pythons
  5 giant cockroaches
  7 goblins
  6 hobgoblins
  4 jackals (D:2)
  3 quokkas
  10 bats
  11 frilled lizards
  2 jackal zombies (D:5)
  7 kobolds
  2 leopard gecko skeletons
  A quokka skeleton (D:5)
  8 rats
177 creatures vanquished.

Vanquished Creatures (others)
  An ogre (D:4)
  A slave (D:4)
  A scorpion (D:4)
  An adder (D:4)
  A worm (D:4)
  An orc (D:6)
6 creatures vanquished.

Grand Total: 183 creatures vanquished

Notes
Turn   | Place    | Note
-------+----------+-------------------------------------------
     0 | D:1      | MajorAdolf the Naga Wanderer began the quest for the Orb.
     0 | D:1      | MajorAdolf set off with the following items: a +0 hand
                  | crossbow, 26 bolts, a potion of lignification, a +0 robe, a
                  | ration; and the following spell memorised: Sandblast; and
                  | the following spells available to memorise: Passwall, Stone
                  | Arrow, Petrify, Lee's Rapid Deconstruction
     0 | D:1      | Reached XP level 1. HP: 15/15 MP: 1/1
    51 | D:1      | Reached skill level 1 in Fighting
    51 | D:1      | Reached XP level 2. HP: 25/25 MP: 2/2
   143 | D:1      | Reached skill level 1 in Spellcasting
   143 | D:1      | Reached XP level 3. HP: 3/31 MP: 4/4
  1022 | D:2      | Reached XP level 4. HP: 36/38 MP: 6/6
  1373 | D:2      | Learned a level 3 spell: Stone Arrow
  1880 | D:3      | Reached XP level 5. HP: 14/44 MP: 8/8
  2468 | D:3      | Noticed Terence
  2566 | D:3      | Killed Terence
  3547 | D:4      | Found Huashrom's Gadget Emporium.
  3549 | D:4      | Reached skill level 1 in Conjurations
  3664 | D:4      | Reached XP level 6. HP: 41/51 MP: 10/10
  4232 | D:4      | Noticed a slave
  4232 | D:4      | Noticed a slave
  4539 | D:4      | Noticed a phantom
  4569 | D:4      | Killed a phantom
  4572 | D:4      | Reached XP level 7. HP: 34/57 MP: 12/12
  4711 | D:4      | Noticed Pikel
  4741 | D:4      | Killed Pikel
  4741 | D:4      | Reached skill level 5 in Earth Magic
  4741 | D:4      | Reached XP level 8. HP: 15/64 MP: 4/15
  5234 | D:5      | Entered Level 5 of the Dungeon
  5251 | D:5      | Noticed Sigmund
  5732 | D:5      | Reached skill level 5 in Spellcasting
  6422 | D:5      | Killed Sigmund
  6422 | D:5      | Reached skill level 1 in Shields
  6575 | D:5      | Reached skill level 5 in Conjurations
  6862 | D:5      | Noticed a hornet
  6869 | D:5      | Killed a hornet
  6969 | D:5      | Reached XP level 9. HP: 68/72 MP: 17/17
  7290 | D:6      | Found a staircase to the Ecumenical Temple.
  7325 | Temple   | Entered the Ecumenical Temple
  7455 | Temple   | Became a worshipper of the Shining One
  8388 | D:6      | Found an iron altar of Okawaru.
  9718 | D:7      | Learned a level 5 spell: Lee's Rapid Deconstruction
  9723 | D:7      | Learned a level 4 spell: Petrify
  9726 | D:7      | Learned a level 2 spell: Passwall
 10188 | D:7      | Reached skill level 1 in Transmutations
 10190 | D:7      | Reached XP level 10. HP: 48/79 MP: 3/20
 10972 | D:8      | Noticed a two-headed ogre
 10977 | D:8      | HP: 3/79 [two-headed ogre/+0 giant club (20)]
 10979 | D:8      | Mangled by a two-headed ogre

Illustrated notes

Levels and vault maps discovered:
D:1:      psy_arrival_basics, layout_rooms, serial_forest,
          infiniplex_forest_lined_3_way, infiniplex_forest_clump_medium,
          infiniplex_forest_lined_ring, infiniplex_forest_join,
          infiniplex_forest_clump_curved, infiniplex_forest_zigzag_2,
          infiniplex_forest_clump_large
D:2:      layout_basic
D:3:      layout_basic, first_ration, uniq_terence
D:4:      layout_loops_ring, serial_shops, nicolae_shop_waterfront,
          supply_closet_lemuel, uniq_pikel
D:5:      layout_loops_ring, st_stairs_5, minmay_misc_feat_x,
          kennysheep_generic_room_6, uniq_sigmund
D:6:      layout_basic, minmay_temple_entry_waves, basic_altar
D:7:      layout_loops_ring, grunt_livestock
D:8:      layout_rooms, basic_altar
Temple:   nicolae_temple_great_sept

Skill      XL: |  1  2  3  4  5  6  7  8  9 10 |
---------------+-------------------------------+-----
Fighting       | 1 |  1.6
Spellcasting   | 1 2 3 4 5 6 7 |  7.0
Earth Magic    | 2 3 4 5 6 7 |  7.7
Conjurations   | 1 2 4 5 6 |  6.8
Shields        | 2 3 4 |  4.1
Transmutations | 1 2 |  2.2
Crossbows      | |  1.7
Armour         | |  2.4
Stealth        | |  1.5
Translocations | |  2.0
Evocations     | |  1.0

Action                   |  1- 3 |  4- 6 |  7- 9 | 10-12 || total
-------------------------+-------+-------+-------+-------++-------
Melee: Whip              |       |   160 |   215 |    20 ||   395
 Fire: Hand crossbow     |    75 |    31 |       |       ||   106
 Cast: Sandblast         |       |     3 |    24 |     4 ||    31
       Stone Arrow       |       |       |    58 |     8 ||    66
 Abil: Spit Poison       |     1 |     6 |     4 |       ||    11
  Use: Potion            |       |     1 |     4 |     1 ||     6
       Scroll            |       |       |       |     1 ||     1
 Stab: Sleeping          |       |     2 |     2 |       ||     4
       Distracted        |       |       |     1 |       ||     1
  Eat: Chunk             |       |     9 |    14 |     3 ||    26
       Ration            |       |       |     1 |       ||     1
Armor: Robe              |     6 |    52 |    81 |    13 ||   152
       Skin              |       |    11 |       |       ||    11
Dodge: Dodged            |     7 |    88 |   123 |    15 ||   233
